 Dungeon Crawl Stone Soup version 0.31-a0-1447-g87ca8d402b (webtiles) character file.

Game seed: 13181572624904466725

2888 Fuzzly the Basher (level 9, 0/78 HPs)
             Began as a Minotaur Fighter on Dec 27, 2023.
             Was an Elder of Wu Jian.
             Slain by an orc warrior
             ... wielding a +0 war axe
              (9 damage)
             ... in a bailey.
             The game lasted 00:20:11 (3587 turns).

Fuzzly the Basher (Minotaur Fighter)                Turns: 3587, Time: 00:20:12

Health: 0/78       AC: 16    Str: 24    XL:     9   Next: 48%
Magic:  8/8        EV:  9    Int:  5    God:    Wu Jian [****..]
Gold:   186        SH:  5    Dex: 11    Spells: 8/8 levels left

rFire   + . .        G - +3 hand axe
rCold   . . .        c - +0 buckler
rNeg    . . .        D - +2 chain mail {rF+}
rPois   .            (helmet restricted)
rElec   .            A - +0 cloak
rCorr   .            (no gloves)
SInv    .            m - +0 pair of boots
Will    .....        (no amulet) Stlth
                     o - +4 ring of slaying
HPRegen 0.33/turn    (no ring)
MPRegen 0.11/turn

%: no passive effects
@: mighty, hasted, very quick
A: horns 2, retaliatory headbutt
a: Renounce Religion, Wall Jump, Serpent's Lash


You were in a bailey.
You worshipped Wu Jian.
Wu Jian was greatly pleased with you.
You visited 1 branch of the dungeon, and saw 7 of its levels.
You also visited: Bailey.

You collected 186 gold pieces.

Inventory:

Hand Weapons
 a - a +0 flail
 x - a +1 whip of electrocution
 B - a +2 flail of holy wrath
 G - a +3 hand axe (weapon)
Missiles
 p - 9 poisoned darts
Armour
 c - a +0 buckler (worn)
 e - an orb of energy
 m - a +0 pair of boots (worn)
 A - a +0 cloak (worn)
 D - a +2 chain mail of fire resistance (worn)
Jewellery
 o - a +4 ring of slaying (left hand)
Wands
 u - a wand of paralysis (7)
 y - a wand of flame (22)
 E - a wand of light (12) (quivered)
Scrolls
 i - 4 scrolls of teleportation {unknown}
 l - a scroll of revelation {unknown}
 q - 2 scrolls of vulnerability {unknown}
 v - a scroll of poison {unknown}
 w - a scroll of enchant armour {unknown}
 C - a scroll of butterflies {unknown}
Potions
 b - a potion of heal wounds {unknown}
 d - a potion of haste
 f - 3 potions of degeneration
 g - 2 potions of resistance
 k - a potion of enlightenment {unknown}
 n - 3 potions of brilliance
 r - 3 potions of curing
 s - a potion of mutation
 t - a potion of attraction {unknown}
 z - a potion of ambrosia {unknown}
 F - a potion of might
Miscellaneous
 h - a condenser vane (inert)


   Skills:
 + Level 6.6 Fighting
 + Level 2.5(7.5) Axes
 + Level 11.1(11.2) Maces & Flails
 + Level 9.4 Armour
 + Level 1.3 Dodging
 + Level 0.4 Stealth
 + Level 5.0 Shields
 + Level 0.1 Evocations


You had 8 spell levels left.
You didn't know any spells.
Your spell library contained the following spells:

 Spells                   Type           Power      Damage    Failure   Level
 Necrotise                Necr           0%         1d4       95%         1
 Slow                     Hex            0%         N/A       95%         1
 Summon Small Mammal      Summ           0%         N/A       95%         1
 Call Imp                 Summ           0%         N/A       99%         2
 Sublimation of Blood     Necr           0%         N/A       99%         2
 Call Canine Familiar     Summ           0%         N/A       100%        3
 Confusing Touch          Hex            0%         N/A       100%        3
 Inner Flame              Hex/Fire       0%         N/A       100%        3
 Sigil of Binding         Hex            0%         N/A       100%        3
 Tukima's Dance           Hex            0%         N/A       100%        3
 Vampiric Draining        Necr           0%         2d6       100%        3
 Dimensional Bullseye     Hex/Tloc       0%         N/A       100%        4
 Flame Wave               Conj/Fire      0%         2d4       100%        4
 Iskenderun's Mystic Bla  Conj/Tloc      0%         2d3       100%        4
 Martyr's Knell           Necr/Summ      0%         N/A       100%        4
 Passage of Golubria      Tloc           0%         N/A       100%        4
 Sticky Flame             Fire/Alch      0%         2d4       100%        4
 Summon Blazeheart Golem  Fire/Summ      0%         N/A       100%        4
 Curse of Agony           Necr           0%         N/A       100%        5
 Yara's Violent Unravell  Hex/Alch       0%         3d3       100%        5
 Summon Hydra             Summ           0%         N/A       100%        7


Dungeon Overview and Level Annotations

Branches:
Dungeon (7/15)             Temple (0/1) D:6          Bailey (1/1)

Altars:
Hepliaklqana
Wu Jian

Shops:
D:3 [[[=   D:5 :


Innate Abilities, Weirdness & Mutations

You have a pair of horns on your head.
You reflexively headbutt those who attack you in melee.


Message History

The orc warrior is heavily wounded.
You closely miss the gnoll. You slash the orc warrior!
Your headbutt misses the orc warrior.
The orc warrior is almost dead.
You barely miss the gnoll. The gnoll hits you but does no damage.
The orc warrior barely misses you. You furiously retaliate!
You headbutt the orc warrior!
You kill the orc warrior!
The Council accepts your kill.
You slash the gnoll! Your headbutt misses the gnoll.
The gnoll is almost dead.
The gnoll hits you but does no damage.
You barely miss the orc. You headbutt the orc.
You kill the orc!
The Council accepts your kill.
You slash the gnoll!
You kill the gnoll!
The Council accepts your kill.
The orc warrior suddenly grunts.
The orc warrior hits you but does no damage.
There is an open door here.
You slash the gnoll!
You kill the gnoll!
The Council accepts your kill.
You hit the orc warrior but do no damage.
The orc warrior hits you with a +0 war axe.
* * * LOW HITPOINT WARNING * * *
You hit the orc warrior.
The orc warrior is lightly wounded.
You slash the orc warrior! You headbutt the orc warrior!
The orc warrior is heavily wounded.
You hit the orc warrior.
The orc warrior hits you but does no damage.
The orc warrior hits you with a +0 hand axe!
* * * LOW HITPOINT WARNING * * *
You slash the orc warrior! Your headbutt misses the orc warrior.
The orc warrior is almost dead.
You hit the orc warrior.
The orc warrior hits you with a +0 war axe!
You die...

#.))....#
##..))...##
#.........#
##.........##
#.....⌠.....# +##
##.........##
8.88 #.........#
.....
##.......##......
#.......@oo.....
##.....##oo.....
####### ....⌠..
....... .......
#...... ??...!
#!!∩?!


You could see 3 orc warriors and an orc.

Vanquished Creatures
  An orc knight (Bailey)
  The ghost of GloriousHammer the Spear-Bearer, a novice HuWn of Qazlal (D:6)
  Eustachio (D:6)
  A wyvern (D:6)
  Edmund (D:6)
  2 water moccasins
  3 orc warriors
  An ice beast (D:6)
  An ogre (D:5)
  Blork the orc (D:4)
  5 killer bees (D:7)
  A jelly (D:5)
  2 bombardier beetles
  An orc priest (D:5)
  2 hounds
  6 sleepcaps
  2 iguanas
  6 orc wizards
  2 gnolls (Bailey)
  4 adders
  A shadow imp (D:5)
  3 worms
  A dart slug (D:3)
  23 orcs
  5 ball pythons
  4 endoplasms
  2 giant cockroaches
  22 goblins
  11 hobgoblins
  2 jackals (D:3)
  3 kobolds
  3 quokkas
  5 bats
  A frilled lizard (D:3)
  4 rats
134 creatures vanquished.

Notes
Turn   | Place    | Note
-------+----------+-------------------------------------------
     0 | D:1      | Fuzzly the Minotaur Fighter began the quest for the Orb.
     0 | D:1      | Reached XP level 1. HP: 19/19 MP: 0/0
   119 | D:1      | Reached XP level 2. HP: 27/27 MP: 1/1
   748 | D:2      | Reached XP level 3. HP: 33/33 MP: 2/2
   805 | D:2      | Found a hazy altar of Hepliaklqana.
   847 | D:2      | Found a faded altar of an unknown god.
   869 | D:2      | Reached skill level 3 in Maces & Flails
   870 | D:2      | Reached XP level 4. HP: 17/40 MP: 3/3
   895 | D:2      | Prayed at the altar of an unknown god.
   895 | D:2      | Became a worshipper of the Wu Jian Council
   895 | D:2      | Reached * piety under Wu Jian
   997 | D:3      | Found Januacecs's Antique Armour Shop.
  1165 | D:3      | Found Patzuamn's Antique Armour Shop.
  1187 | D:3      | Found Vyec's Jewellery Emporium.
  1190 | D:3      | Reached skill level 4 in Maces & Flails
  1190 | D:3      | Reached XP level 5. HP: 46/47 MP: 4/4
  1211 | D:3      | Found Mitun's Antique Armour Shoppe.
  1592 | D:3      | Reached ** piety under Wu Jian
  1850 | D:4      | Reached skill level 5 in Armour
  2001 | D:4      | Noticed Blork the orc
  2008 | D:4      | Killed Blork the orc
  2081 | D:4      | Reached skill level 5 in Maces & Flails
  2081 | D:4      | Reached XP level 6. HP: 53/53 MP: 5/5
  2212 | D:5      | Entered Level 5 of the Dungeon
  2258 | D:5      | Identified the +1 ring mail of Nuporchid {+Blink rN+}
  2319 | D:5      | Reached skill level 6 in Maces & Flails
  2335 | D:5      | Found Xiawa's Book Boutique.
  2345 | D:5      | Reached XP level 7. HP: 57/60 MP: 6/6
  2456 | D:6      | Noticed Edmund
  2473 | D:6      | Killed Edmund
  2474 | D:6      | Reached skill level 5 in Fighting
  2481 | D:6      | Reached skill level 7 in Maces & Flails
  2538 | D:6      | Found a runed translucent door.
  2538 | D:6      | Noticed GloriousHammer's ghost (novice HuWn)
  2539 | D:6      | Noticed Eustachio
  2549 | D:6      | Killed Eustachio
  2549 | D:6      | Reached *** piety under Wu Jian
  2550 | D:6      | Reached skill level 8 in Maces & Flails
  2550 | D:6      | Reached XP level 8. HP: 68/68 MP: 7/7
  2564 | D:6      | Killed GloriousHammer's ghost
  2565 | D:6      | Reached skill level 9 in Maces & Flails
  2608 | D:6      | Found a staircase to the Ecumenical Temple.
  2690 | D:6      | Reached skill level 1 in Dodging
  2693 | D:6      | Reached skill level 10 in Maces & Flails
  3103 | D:7      | Reached XP level 9. HP: 57/75 MP: 8/8
  3459 | D:7      | Found a flagged portal.
  3495 | Bailey   | Entered a bailey
  3533 | Bailey   | Noticed an orc knight
  3550 | Bailey   | Killed an orc knight
  3551 | Bailey   | Reached skill level 11 in Maces & Flails
  3578 | Bailey   | Reached skill level 5 in Shields
  3581 | Bailey   | Reached **** piety under Wu Jian
  3587 | Bailey   | Slain by an orc warrior

Illustrated notes

Levels and vault maps discovered:
D:1:      scummos_arrival_gate, layout_basic
D:2:      layout_basic, basic_ecumenical_altar, basic_altar
D:3:      layout_basic, serial_shops, nicolae_shop_overgrown_old_shop, shop,
          shop, nicolae_shop_statue_plus
D:4:      layout_basic, serial_forest, infiniplex_forest_lined_3,
          infiniplex_forest_end_1, infiniplex_forest_clump_medium,
          infiniplex_forest_lined_2, infiniplex_forest_lined_corner,
          infiniplex_forest_clump_diagonal, infiniplex_forest_clump_cross,
          infiniplex_forest_clump_small, eino_tiny_chamber, uniq_blork_the_orc
D:5:      layout_rooms, serial_shops, nicolae_book_shop_shelving,
          kennysheep_minor_cross
D:6:      layout_basic, minmay_temple_entry_ruins, gammafunk_ghost_grave,
          chequers_serial_rivers_micro_c, uniq_edmund, uniq_eustachio
D:7:      layout_loops_ring, enter_bailey_3
Bailey:   bailey_axe_minmay_hex_keep, bailey

Skill      XL: |  1  2  3  4  5  6  7  8  9 |
---------------+----------------------------+-----
Fighting       | 4 5 6 |  6.6
Armour         | 4 5 6 7 8 9 |  9.4
Shields        | 4 5 |  5.0
Maces & Flails | 3 4 5 6 8 10 11 | 11.1
Dodging        | 1 |  1.3
Axes           | 2 |  2.5
Stealth        | |  0.4
Evocations     | |  0.1

Action                     |  1- 3 |  4- 6 |  7- 9 || total
---------------------------+-------+-------+-------++-------
  Melee: Flail             |    52 |    98 |    93 ||   243
         Headbutt          |     5 |    16 |    27 ||    48
         Whip              |       |    20 |    38 ||    58
         Hand axe          |       |       |    36 ||    36
Ability: Lunge             |       |     7 |    19 ||    26
         Whirlwind         |       |     1 |     3 ||     4
  Evoke: Condenser vane    |       |       |     1 ||     1
    Use: Potion            |     1 |       |     2 ||     3
         Scroll            |       |       |     6 ||     6
   Stab: Confused          |       |       |     1 ||     1
 Armour: Scale mail        |    25 |       |       ||    25
         Plate armour      |    26 |    76 |    21 ||   123
         Chain mail        |       |       |    68 ||    68
  Dodge: Dodged            |    21 |    23 |    36 ||    80
  Block: Buckler           |    11 |    10 |    22 ||    43

Table legend: (Time is in decaauts)
 A = Elapsed time spent in this place.
 B = Non-inter-level travel time spent in this place.
 C = Inter-level travel time spent in this place.
 D = Time resting spent in this place.
 E = Time spent auto-exploring this place.
 F = Levels seen in this place.
 G = Mean time per level.
                   A        B        C        D        E       F      G
               +--------+--------+--------+--------+--------+-----+--------+
         Total |   3597 |   2937 |    660 |      0 |   2061 |   8 |  449.6 |
       Dungeon |   3512 |   2852 |    660 |      0 |   2055 |   7 |  501.7 |
        Bailey |     84 |     84 |      0 |      0 |      6 |   1 |   84.0 |
               +--------+--------+--------+--------+--------+-----+--------+

Top non-repeatable levels by time:
     D:3: 801 daAuts
     D:1: 713 daAuts
     D:6: 530 daAuts
     D:7: 521 daAuts
     D:4: 511 daAuts
     D:5: 218 daAuts
     D:2: 215 daAuts
  Bailey: 84 daAuts
